 Dungeon Crawl Stone Soup version 0.24-a0-205-g1d96822 (webtiles) character file.

Game seed: 1694424628501904094

1785 Namnaref the Skirmisher (level 9, -3/57 HPs)
             Began as a Gargoyle Berserker on Mar 28, 2019.
             Was a Priest of Trog.
             Slain by an ogre
             ... wielding a +0 giant club
              (20 damage)
             ... on level 7 of the Dungeon.
             The game lasted 00:24:17 (2388 turns).

Namnaref the Skirmisher (Gargoyle Berserker)        Turns: 2388, Time: 00:24:17

Health: -3/57      AC: 19    Str: 21    XL:     9   Next: 8%
Magic:  9/9        EV:  7    Int: 11    God:    Trog [***...]
Gold:   169        SH:  0    Dex:  9    Spells: 8/8 levels left

rFire    + . .     SeeInvis .   b - +1 mace
rCold    . . .     Gourm    .   (no shield)
rNeg     + + .     Faith    .   v - +0 plate armour
rPois    ∞         Spirit   .   i - +0 helmet
rElec    +         Reflect  .   (no cloak)
rCorr    .         Harm     .   (no gloves)
MR       ++...                  (no boots)
Stlth    ..........             (no amulet)
HPRegen  1.19/turn              h - ring of protection from fire
MPRegen  0.11/turn              n - ring of positive energy

@: about to teleport, berserk cooldown, regenerating, slowed, very slow
A: negative energy resistance 1, electricity resistance, unbreathing,
petrification resistance, rot immunity, AC +6
a: Berserk, Trog's Hand, Renounce Religion


You were on level 7 of the Dungeon.
You worshipped Trog.
Trog was most pleased with you.
You were very hungry.

You visited 1 branch of the dungeon, and saw 7 of its levels.
You also visited: Sewer.

You collected 169 gold pieces.

Inventory:

Hand Weapons
 a - a +0 hunting sling
 b - a +1 mace (weapon)
 p - a +0 hand crossbow
Missiles
 l - 131 stones
 r - 19 sling bullets
 u - 4 steel javelins (quivered)
 x - 16 poisoned needles
Armour
 i - a +0 helmet (worn)
 q - a +2 chain mail of poison resistance
 v - a +0 plate armour (worn)
Jewellery
 h - a ring of protection from fire (left hand)
 n - a ring of positive energy (right hand)
Scrolls
 d - 2 scrolls of identify
 j - a scroll of enchant weapon
 k - 4 scrolls of teleportation
 o - a scroll of immolation {unknown}
 t - 2 scrolls of blinking {unknown}
 y - a scroll of remove curse {unknown}
 B - a scroll of summoning {unknown}
Potions
 e - 2 potions of brilliance
 f - 2 potions of curing
 g - 5 potions of flight
 m - a potion of mutation {unknown}
 s - 2 potions of heal wounds {unknown}
 w - a potion of lignification {unknown}
 z - a potion of degeneration {unknown}
 A - a potion of magic {unknown}
 D - a potion of agility {unknown}
Comestibles
 c - 5 rations
 C - 3 chunks of flesh


   Skills:
 * Level 7.5 Fighting
 * Level 6.7 Maces & Flails
 + Level 3.5 Throwing
 + Level 5.1 Armour
 + Level 3.9 Dodging


You had 8 spell levels left.
You didn't know any spells.
Your spell library was empty.

Dungeon Overview and Level Annotations

Branches:
Dungeon (7/15)
 Temple: D:4-7

Altars:
Fedhas
Hepliaklqana
Nemelex Xobeh
Ru
Sif Muna
Wu Jian
Yredelemnul


Innate Abilities, Weirdness & Mutations

You are resistant to torment.
Your stone body is resilient. (AC +6)
You are immune to poison.
You resist negative energy. (rN+)
You are resistant to electric shocks. (rElec)
You can survive without breathing.
You are immune to petrification.
You are immune to rotting.


Message History

a chunk of flesh; a quokka skeleton You see here a howler monkey corpse.
You hit the ogre.
The ogre is lightly wounded.
The ogre hits you with a +0 giant club!!
You hit the ogre.
The ogre is moderately wounded.
The ogre hits you with a +0 giant club. The ogre closely misses you.
Your skin crawls.
You feel resistant to hostile enchantments.
You are feeling very hungry.
The ogre hits you with a +0 giant club!
* * * LOW HITPOINT WARNING * * *
Okay, then.
As you read the scroll of teleportation, it crumbles to dust.
You feel strangely unstable. The ogre closely misses you.
Things that are here:
a chunk of flesh; a quokka skeleton The ogre hits you with a +0 giant club!!
You die...

#.# #.# ##.###
#....# #....# ##
#.###....# ..
#........# #. #@# #
#. .. # #O# #.#.#
##. #.#†# #.#... ..
#.#.###.# #....####.
#..)....# #.........
#.#.#######......##.
###.................
#..#######........
#..# #........


You could see an ogre.

Vanquished Creatures
  A hornet (D:5)
  A hippogriff (D:5)
  3 sky beasts
  2 phantoms
  An ogre (D:7)
  A centaur (D:5)
  3 big kobolds
  A bullfrog (D:5)
  A crimson imp (D:5)
  4 howler monkeys (D:7)
  2 hounds (D:5)
  2 jellies
  An iguana (D:5)
  3 worker ants (D:4)
  2 river rats (Sewer)
  5 adders
  A worm (D:2)
  A dart slug (D:3)
  3 orcs
  6 giant cockroaches
  4 goblins
  3 hobgoblins
  A jackal (Sewer)
  20 kobolds
  A quokka (D:7)
  2 ball pythons
  6 bats
  3 frilled lizards
  A leopard gecko skeleton (D:4)
  7 rats
92 creatures vanquished.

Notes
Turn   | Place    | Note
-------+----------+-------------------------------------------
     0 | D:1      | Namnaref the Gargoyle Berserker began the quest for the
                  | Orb.
     0 | D:1      | Reached XP level 1. HP: 14/14 MP: 1/1
    82 | D:2      | Reached XP level 2. HP: 19/19 MP: 2/2
   112 | D:2      | Reached XP level 3. HP: 16/24 MP: 3/3
   197 | D:2      | Found a hazy altar of Hepliaklqana.
   481 | D:3      | Reached ** piety under Trog
   671 | D:3      | Found a glowing drain.
   675 | Sewer    | Entered a sewer
   681 | Sewer    | Reached XP level 4. HP: 10/29 MP: 4/4
   684 | Sewer    | Reached skill level 4 in Fighting
   833 | Sewer    | Noticed a big kobold
   841 | Sewer    | Killed a big kobold
   841 | Sewer    | Reached skill level 1 in Throwing
   841 | Sewer    | Reached XP level 5. HP: 34/34 MP: 5/5
   884 | Sewer    | Found a white marble altar of Elyvilon.
  1085 | D:4      | Noticed a sky beast
  1099 | D:4      | Killed a sky beast
  1099 | D:4      | Reached XP level 6. HP: 40/40 MP: 6/6
  1126 | D:4      | Reached skill level 5 in Fighting
  1188 | D:4      | Noticed a phantom
  1246 | D:4      | Killed a phantom
  1264 | D:4      | Reached XP level 7. HP: 30/44 MP: 7/7
  1268 | D:5      | Entered Level 5 of the Dungeon
  1325 | D:5      | Reached skill level 5 in Maces & Flails
  1430 | D:5      | Reached skill level 6 in Fighting
  1544 | D:5      | Noticed a hippogriff
  1553 | D:5      | Killed a hippogriff
  1553 | D:5      | Reached XP level 8. HP: 51/51 MP: 8/8
  1634 | D:5      | Found a sparkling altar of Nemelex Xobeh.
  1752 | D:4      | Found a blossoming altar of Fedhas.
  1918 | D:5      | Noticed a hornet
  1934 | D:5      | Killed a hornet
  2168 | D:7      | Reached skill level 7 in Fighting
  2172 | D:7      | Reached *** piety under Trog
  2273 | D:7      | Found a sacrificial altar of Ru.
  2273 | D:7      | Found an ornate altar of the Wu Jian Council.
  2273 | D:7      | Found a deep blue altar of Sif Muna.
  2277 | D:7      | Found a basalt altar of Yredelemnul.
  2366 | D:7      | Reached skill level 5 in Armour
  2366 | D:7      | Reached XP level 9. HP: 57/57 MP: 9/9
  2388 | D:7      | Slain by an ogre

Levels and vault maps discovered:
D:1:      evilmike_arrival_plus, layout_loops_ring
D:2:      layout_loops_ring, kennysheep_slug_shrine, old_standard_altar,
          first_ration
D:3:      layout_loops_ring, gup_sewer_entry_bowl
D:4:      layout_rooms, marbit_many_paths, serial_park_tiny_2
D:5:      layout_basic, kennysheep_little_box,
          minmay_temple_entry_enclosed_plants
D:6:      layout_loops_corners, grunt_dithmenos_smoke, uniq_crazy_yiuf_cottage
D:7:      layout_basic, grunt_temple_overflow_open
Sewer:    sewer_kobolds

Skill      XL: |  1  2  3  4  5  6  7  8 |
---------------+-------------------------+-----
Fighting       | 4 5 6 7 |  7.5
Dodging        | 2 3 |  3.9
Throwing       | 1 2 3 |  3.5
Armour         | 3 4 5 |  5.1
Maces & Flails | 4 5 6 |  6.7

Action                   |  1- 3 |  4- 6 |  7- 9 || total
-------------------------+-------+-------+-------++-------
Melee: Mace              |    84 |    79 |   221 ||   384
 Fire: Hunting sling     |       |    21 |    11 ||    32
Throw: Javelin           |       |     4 |     6 ||    10
       Stone             |       |     3 |       ||     3
Invok: Berserk           |     2 |     2 |     5 ||     9
       Trog's Hand       |       |       |     1 ||     1
  Use: Scroll            |     3 |     3 |     1 ||     7
  Eat: Chunk             |       |     5 |     8 ||    13
Armor: Animal skin       |    49 |    21 |       ||    70
       Ring mail         |       |     4 |       ||     4
       Plate armour      |       |     9 |   158 ||   167
Dodge: Dodged            |    84 |    54 |   104 ||   242

Table legend:
 A = Non-vault XP
 B = Vault XP
 C = Vault XP percentage of total XP
 D = Non-vault monster count
 E = Vault monster count
 F = Vault count percentage of total count
                 A         B        C        D         E       F
            +---------+---------+-------+---------+---------+-------
      Total |    2411 |     140 |   5.5 |      76 |      16 |  17.4
            +---------+---------+-------+---------+---------+-------
        D:1 |       3 |       0 |   0.0 |       2 |       0 |   0.0
        D:2 |      49 |       0 |   0.0 |      15 |       0 |   0.0
        D:3 |      32 |       7 |  17.9 |      11 |       4 |  26.7
        D:4 |     412 |       0 |   0.0 |       9 |       0 |   0.0
        D:5 |    1335 |       0 |   0.0 |      15 |       0 |   0.0
        D:6 |       3 |       0 |   0.0 |       1 |       0 |   0.0
        D:7 |     577 |       0 |   0.0 |      23 |       0 |   0.0
      Sewer |       0 |     133 | 100.0 |       0 |      12 | 100.0
            +---------+---------+-------+---------+---------+-------
